Map: Dusk Towers

Players

capac

  • Race: Terran Terran
  • League: Gold

Sumitric - Winner!

  • Race: Terran Terran
  • League: Platinum

VOD

Have the link to the VOD?

Description

Time

  • Played on: May 2, 2016, 3:36 p.m.
  • Length: 15:26
Show
View Real Time Build Order
Export as new Build Order

capac Terran 

Build Orders: Reaper Expand, MMM Bio 

Get SALT Encoding   

  12  0:01  SCV  
  13  0:13  SCV  
  14  0:18  Supply Depot  
  14  0:25  SCV  
  15  0:39  SCV  
  15  0:41  Barracks  
  16  0:44  Refinery  
  16  0:51  SCV  
  17  1:03  SCV  
  18  1:16  SCV  
  19  1:28  Orbital Command  
  19  1:30  Reaper  
  20  1:42  Command Center  
  20  1:50  Supply Depot  
  20  1:53  SCV  
  21  2:01  Marine  
  21  2:08  SCV  
  23  2:12  Factory  
  23  2:13  Refinery  
  23  2:22  Barracks  
  23  2:28  SCV  
  24  2:30  Barracks Reactor  
  24  2:45  SCV  
  25  2:57  Factory Tech Lab  
  25  3:01  SCV  
  25  3:04  Orbital Command  
  26  3:07  Marine x2  
  28  3:16  Starport  
  28  3:20  Marine  
  28  3:22  Siege Tank  
  28  3:25  SCV  
  33  3:28  Refinery  
  33  3:32  Marine  
  33  3:33  Marine  
  35  3:37  Bunker, SCV x2  
  37  3:49  Barracks Tech Lab, SCV  
  37  3:50  Marine x2  
  37  3:55  Supply Depot  
  40  3:56  Medivac  
  40  3:59  SCV  
  43  4:06  SCV  
  43  4:09  Marine x2  
  46  4:16  Marine  
  47  4:20  Supply Depot  
  47  4:23  Supply Depot  
  47  4:30  Engineering Bay  
  47  4:37  Marine x3  
  50  4:40  SCV  
  50  4:41  SCV  
  52  4:52  SCV  
  52  4:53  SCV, Stimpack  
  52  4:54  Siege Tank  
  52  4:58  Marine x2  
  52  4:59  Marine  
  59  5:05  SCV x2  
  62  5:17  SCV x2  
  62  5:19  Starport Reactor  
  62  5:21  Terran Infantry Weapons Level 1  
  64  5:22  Marine  
  64  5:23  Marine x2  
  67  5:29  SCV x2  
  67  5:31  Refinery  
  69  5:41  SCV  
  70  5:44  Barracks  
  70  5:50  Supply Depot x2  
  70  5:51  SCV  
  70  5:54  Marine x3  
  70  5:56  Siege Tank  
  77  6:11  Marine, Missile Turret  
  77  6:12  Marine  
  79  6:18  Supply Depot  
  79  6:19  Command Center  
  79  6:21  Marine  
  79  6:25  SCV x2  
  82  6:33  Barracks Reactor  
  82  6:35  Missile Turret  
  82  6:36  Barracks  
  82  6:39  SCV x2  
  84  6:45  Siege Tank  
  87  6:52  Medivac x2  
  91  6:59  Combat Shields  
  91  7:01  Marine x2  
  91  7:04  SCV  
  91  7:05  SCV  
  95  7:08  Armory  
  95  7:11  Supply Depot  
  95  7:13  Marine  
  95  7:14  Marine  
  97  7:16  Terran Infantry Armor Level 1  
  97  7:17  SCV x2  
  99  7:24  Medivac  
  99  7:28  Marine  
  102  7:30  Barracks Reactor  
  102  7:31  Marine x2, Medivac  
  102  7:34  Supply Depot  
  106  7:38  Supply Depot, SCV x2  
  108  7:47  Marine x3  
  108  7:49  Orbital Command  
  111  7:56  Missile Turret  
  111  7:57  Terran Ship Weapons Level 1  
  111  8:08  Supply Depot  
  111  8:09  Medivac x2  
  115  8:13  Supply Depot, Marine x4  
  115  8:14  Supply Depot  
  119  8:20  Orbital Command  
  119  8:38  Factory  
  119  8:45  Siege Tank  
  119  8:47  Viking x2  
  126  8:48  Supply Depot  
  126  8:50  SCV x2  
  128  9:02  SCV  
  91  9:48  Factory Tech Lab  
  91  9:50  Marine  
  91  9:52  Barracks Tech Lab, Barracks Reactor  
  92  10:08  Terran Ship Weapons Level 2  
  92  10:14  Refinery x2  
  92  10:22  Starport, Factory  
  92  10:23  SCV x2  
  92  10:28  Marine x4  
  94  10:29  Marine  
  94  10:31  Concussive Shells  
  94  10:34  Viking x2  
  102  10:45  SCV x3  
  105  10:54  Marine  
  105  10:55  Marine x3  
  109  11:00  Engineering Bay  
  109  11:01  Starport Reactor  
  109  11:03  Engineering Bay  
  109  11:04  Viking  
  109  11:05  Viking  
  109  11:08  Siege Tank x2  
  109  11:11  Marine  
  120  11:12  SCV x2  
  120  11:13  SCV  
  123  11:25  Supply Depot  
  123  11:29  Barracks  
  123  11:30  Barracks  
  123  11:31  Terran Infantry Weapons Level 2  
  123  11:33  Engineering Bay  
  123  11:36  Marine  
  123  11:37  Marine x3  
  127  11:41  Liberator x2  
  127  11:42  Liberator  
  127  11:46  Siege Tank x2  
  133  11:49  Marine  
  143  12:08  Supply Depot  
  143  12:15  Marine x2  
  143  12:16  Marine x3  
  148  12:25  Barracks Reactor  
  148  12:27  Barracks Reactor  
  148  12:29  Barracks  
  148  12:31  Barracks  
  148  12:34  Liberator x2  
  148  12:35  Command Center  
  148  12:41  Medivac  
  148  12:43  Marine x3  
  148  12:44  Marine x2  
  158  12:53  Medivac  
  158  12:57  Terran Infantry Armor Level 2  
  163  13:00  Missile Turret  
  163  13:12  Medivac  
  165  13:33  Barracks Reactor x2  
  165  13:37  Starport  
  165  13:40  Missile Turret  
  165  13:50  Marine x6  
  85  14:26  Marine  
  85  14:27  Marine x12  
  83  14:33  Starport Reactor  
  83  14:34  Medivac x2  
  83  14:35  Medivac  
  83  14:36  Medivac  
  91  14:44  Marine x4  
  91  14:45  Marine x9  
  104  15:02  Marine x7  
  104  15:03  Marine x2  
  104  15:06  Marine  
Show
View Real Time Build Order
Export as new Build Order

Sumitric Terran - Winner!

Build Orders: MMM Bio 

Get SALT Encoding   

  12  0:01  SCV  
  13  0:13  SCV  
  14  0:18  Supply Depot  
  14  0:25  SCV  
  15  0:39  SCV  
  15  0:41  Barracks  
  16  0:50  Barracks  
  16  0:54  SCV  
  17  1:00  Refinery  
  17  1:06  SCV  
  18  1:18  SCV  
  19  1:29  Supply Depot  
  19  1:31  Marine  
  20  1:35  Orbital Command  
  20  1:37  Marine  
  21  1:49  Marine  
  22  1:57  Barracks Tech Lab  
  22  2:13  Barracks Reactor, Command Center  
  22  2:16  SCV  
  23  2:23  Refinery  
  23  2:28  SCV  
  24  2:42  Marine  
  25  2:46  Factory  
  25  2:48  SCV  
  26  2:52  Marine x2  
  28  3:00  SCV  
  29  3:08  Engineering Bay  
  29  3:10  Marine  
  29  3:12  Refinery, SCV  
  31  3:15  Refinery  
  31  3:24  Marine x2  
  31  3:25  Supply Depot  
  33  3:29  SCV  
  33  3:31  Widow Mine  
  36  3:43  Orbital Command  
  36  3:47  SCV  
  37  3:50  Marine  
  38  4:00  SCV  
  38  4:01  Missile Turret  
  39  4:12  Missile Turret, SCV  
  39  4:13  SCV  
  39  4:15  Factory Reactor  
  41  4:22  Starport  
  41  4:24  SCV  
  42  4:28  SCV  
  43  4:36  SCV, Stimpack  
  43  4:37  Marine  
  45  4:38  Marine  
  45  4:40  SCV  
  47  4:48  SCV  
  47  4:51  Barracks  
  49  4:52  SCV  
  49  5:00  SCV  
  49  5:04  Terran Infantry Weapons Level 1, Supply Depot, SCV  
  49  5:06  Starport Reactor  
  51  5:07  Supply Depot  
  51  5:08  Marine  
  51  5:11  Marine x2  
  54  5:25  Supply Depot  
  54  5:26  SCV x2  
  54  5:28  Supply Depot  
  56  5:38  SCV  
  56  5:40  Missile Turret  
  57  5:43  Marine x2, Missile Turret  
  57  5:44  Marine  
  57  5:47  Barracks Reactor  
  60  6:01  Engineering Bay, Marine, Medivac  
  60  6:04  Medivac  
  65  6:05  Missile Turret  
  65  6:06  Widow Mine  
  65  6:08  SCV, Missile Turret  
  65  6:10  SCV  
  69  6:18  Marine x2  
  70  6:20  SCV  
  72  6:26  Marine x2  
  72  6:29  Armory  
  72  6:31  Medivac  
  76  6:34  Terran Infantry Armor Level 1, Medivac  
  76  6:36  Marauder  
  81  6:40  SCV  
  81  6:41  SCV  
  81  6:45  Marine x2  
  81  6:46  Supply Depot  
  84  6:53  Marine  
  85  6:59  Missile Turret  
  85  7:07  Widow Mine x2  
  85  7:08  Marauder, Medivac  
  93  7:09  Supply Depot  
  93  7:11  Supply Depot  
  93  7:24  Terran Infantry Weapons Level 2  
  93  7:25  Medivac  
  95  7:30  Marine x2  
  95  7:31  Marine x3  
  100  7:38  Medivac  
  102  7:44  SCV  
  102  7:45  SCV  
  102  7:48  Marine  
  102  7:49  Marauder  
  107  7:53  Marine x3, Command Center  
  107  7:55  Medivac  
  107  7:56  SCV  
  113  8:08  Marine  
  113  8:10  Marine  
  113  8:11  Marauder, Marine  
  118  8:31  Liberator  
  118  8:40  Terran Infantry Armor Level 2  
  118  8:47  Liberator  
  118  8:48  Marine x4  
  118  8:49  SCV  
  118  8:50  Supply Depot  
  118  8:51  Supply Depot  
  118  8:52  Combat Shields  
  118  8:54  Supply Depot x2  
  126  9:05  Marauder, SCV  
  126  9:06  Marine  
  127  9:26  Marauder  
  81  9:47  Marine  
  81  9:48  Marauder, Marine x3  
  81  9:50  Medivac x2  
  91  10:04  Terran Infantry Weapons Level 3  
  91  10:05  Marine, Command Center  
  91  10:06  Marine x3  
  95  10:09  Marauder  
  95  10:10  Concussive Shells  
  97  10:17  Planetary Fortress  
  97  10:21  Missile Turret  
  97  10:23  Marine x2  
  97  10:24  Missile Turret x2  
  97  10:25  Missile Turret  
  99  10:31  Marauder  
  99  10:32  Marine x2  
  103  10:41  Marine  
  103  10:42  Refinery  
  104  10:46  Refinery  
  104  10:51  SCV x2  
  104  10:52  Marauder  
  108  10:57  Marine  
  108  10:58  Marine x2  
  108  10:59  Marine  
  108  11:03  SCV  
  108  11:04  SCV  
  114  11:13  Marauder  
  114  11:15  Marine x2, SCV  
  114  11:16  Marine  
  114  11:17  Marine  
  121  11:23  Terran Infantry Armor Level 3  
  121  11:33  Marine x2  
  121  11:34  Marine  
  121  11:35  Marauder  
  121  11:37  Marine  
  127  11:42  Missile Turret  
  127  11:51  Marine x3  
  130  11:55  Marine  
  130  11:56  Marauder  
  130  11:57  Barracks  
  133  12:02  Missile Turret  
  133  12:04  Planetary Fortress  
  133  12:05  Barracks  
  133  12:06  SCV x2  
  135  12:09  Barracks, Marine  
  135  12:10  Marine  
  135  12:11  Marine  
  135  12:13  Marine  
  139  12:18  Marauder  
  141  12:24  Missile Turret  
  141  12:26  Marine  
  141  12:28  Marine x2  
  144  12:32  Marine  
  144  12:33  Medivac  
  144  12:34  Medivac  
  149  12:39  Marauder  
  151  12:49  Supply Depot  
  151  12:50  Supply Depot  
  151  12:51  Supply Depot  
  151  12:55  Supply Depot  
  151  13:00  Marauder  
  151  13:05  Refinery  
  153  13:07  Refinery, Terran Vehicle Weapons Level 1  
  153  13:14  Supply Depot, Marine x4  
  153  13:17  Barracks Reactor  
  153  13:18  Barracks Tech Lab  
  157  13:22  Marauder  
  157  13:26  Medivac x2  
  157  13:27  Barracks Reactor  
  163  13:31  Marine  
  164  13:43  Marauder  
  164  13:45  Marine x3  
  164  13:46  Marine  
  170  13:49  Marine  
  170  13:55  Barracks  
  171  13:56  Medivac x2  
  171  13:59  Barracks x2  
  175  14:03  Marine x2  
  175  14:04  Marauder x2  
  137  14:28  Marine x3  
  137  14:29  Marauder, Marine x4  
  137  14:30  Marauder, Marine, Medivac  
  151  14:46  Marine x2  
  151  14:51  Marauder x2  
Tags
 
Add a new tag
Caveats
  • Supply blocks, unpowered buildings, or Contaminate may cause inaccurate times.
  • Supply counts are checked every 10 seconds.